 Dungeon Crawl Stone Soup version 0.30-a0-3-gc9032a9cac (webtiles) character file.

Game seed: 8092717627379406560

230 Jardren the Vexing (level 5, -6/24 HPs)
             Began as a Spriggan Enchanter on Aug 20, 2022.
             Killed from afar by a white imp (8 damage)
             ... with a puff of frost
             ... on level 4 of the Dungeon.
             The game lasted 00:11:44 (4522 turns).

Jardren the Vexing (Spriggan Enchanter)             Turns: 4522, Time: 00:11:44

Health: -6/24      AC:  6    Str:  6    XL:     5   Next: 72%
Magic:  3/14       EV: 17    Int: 17    God:
Gold:   229        SH:  0    Dex: 15    Spells: 7/15 levels left

rFire   . . .      SeeInvis +    p - +2 dagger (venom)
rCold   . . .      Faith    .    (no shield)
rNeg    . . .      Spirit   .    b - +0 robe
rPois   .          Reflect  .    (helmet restricted)
rElec   .          Harm     .    (no cloak)
rCorr   .          Rampage  .    (gloves unavailable)
Will    .....                    (boots unavailable)
Stlth   +++.......               (no amulet)
HPRegen 0.08/turn                i - +4 ring of protection
MPRegen 0.14/turn                n - +4 ring of slaying

@: very quick
A: very small, no large weapons, unfitting armour, see invisible, speed 3
a: no special abilities


You were on level 4 of the Dungeon.
You visited 2 branches of the dungeon, and saw 6 of its levels.

You collected 229 gold pieces.

Inventory:

Hand Weapons
 a - a +1 dagger
 p - a +2 dagger of venom (weapon)
Armour
 b - a +0 robe (worn)
Jewellery
 i - a +4 ring of protection (left hand)
 n - a +4 ring of slaying (right hand)
 s - a ring of protection from cold
Wands
 d - a wand of polymorph (7)
Scrolls
 c - a scroll of poison
 m - 2 scrolls of magic mapping
 q - a scroll of vulnerability
Potions
 e - 3 potions of lignification
 f - 2 potions of heal wounds {unknown}
 g - 2 potions of curing
 h - a potion of invisibility
 j - a potion of mutation {unknown}
 k - 2 potions of cancellation
 l - a potion of attraction {unknown}
 o - a potion of brilliance
 r - a potion of berserk rage {unknown}


   Skills:
 - Level 1.1 Short Blades
 - Level 2.6 Dodging
 - Level 4.4 Stealth
 + Level 5.5 Spellcasting
 + Level 6.1 Hexes


You had 7 spell levels left.
You knew the following spells:

 Your Spells              Type           Power      Damage    Failure   Level
a - Ensorcelled Hibernat  Hex/Ice        30%        N/A       6%          2
b - Tukima's Dance        Hex            25%        N/A       3%          3
d - Confusing Touch       Hex            25%        N/A       3%          3

Your spell library contained the following spells:

 Spells                   Type           Power      Damage    Failure   Level
 Dazzling Flash           Conj/Hex       30%        N/A       12%         3


Dungeon Overview and Level Annotations

Branches:
Dungeon (5/15)             Temple (1/1) D:5

Altars:
Cheibriados
Elyvilon
Fedhas
Hepliaklqana
Okawaru
Qazlal
Ru
Sif Muna
Uskayaw
Wu Jian
Xom
Yredelemnul
Zin
The Shining One


Innate Abilities, Weirdness & Mutations

You are very small and have problems with some larger weapons.
You are too small for most types of armour.
You have supernaturally acute eyesight. (SInv)
You cover ground extremely quickly. (Speed+++)


Message History

The endoplasm is severely wounded.
The endoplasm hits you but does no damage.
You hit the endoplasm.
You kill the endoplasm!
The white imp gestures at you. The puff of frost misses you.
You hit the gnoll.
The gnoll is poisoned.
The gnoll is moderately wounded.
The gnoll completely misses you.
You hit the gnoll.
The gnoll looks as sick as possible!
The gnoll is almost dead.
You kill the gnoll!
The gnoll completely misses you.
Your Hexes skill increases to level 6!
You puncture the gnoll!
The gnoll is severely wounded.
The gnoll barely misses you. The gnoll hits you but does no damage.
You puncture the gnoll!
You kill the gnoll!
The gnoll hits you but does no damage.
You hit the white imp.
The white imp is lightly wounded.
The gnoll hits you but does no damage. The white imp gestures at you.
The puff of frost hits you.
Casting: Confusing Touch (quite dangerous; 3% risk of failure)
Confirm with . or Enter, or press ? or * to list all spells.
You don't have enough magic to cast this spell.
Unknown command.
Unknown command.
Unknown command.
Unknown command.
The white imp gestures at you. The puff of frost hits you!
The white imp gestures at you. The puff of frost hits you!
* * * LOW HITPOINT WARNING * * *
The white imp gestures at you. The puff of frost hits you!
You die...

#................#.....#
..'.......g........#.....#
∩..#'######5##.####.#######
....... ###.##.####'####
....... #...'..........#
#...... #...#..........#
#...#..........#
#...#..........#
#..@#..........#
##..##...##....#
######..#######....#
.............##...##
...............######
................#
...............#
#...##..##...## #...##..#
...#


You could see a gnoll and a white imp.

Vanquished Creatures
  A quasit (D:4)
  Jessica (D:2)
  3 gnolls (D:4)
  2 adders (D:3)
  2 shadow imps (D:4)
  2 white imps (D:4)
  2 ufetubi (D:4)
  A worm (D:3)
  A dart slug (D:4)
  5 orcs
  9 ball pythons
  8 endoplasms
  2 giant cockroaches
  7 goblins
  3 hobgoblins
  3 jackals (D:3)
  6 quokkas
  4 bats
  5 frilled lizards
  8 kobolds
  3 rats
78 creatures vanquished.

Vanquished Creatures (collateral kills)
  A frilled lizard (D:2)
1 creature vanquished.

Vanquished Creatures (others)
  2 dancing weapons (D:4)
  5 demonic plants (D:4)
7 creatures vanquished.

Grand Total: 86 creatures vanquished

Notes
Turn   | Place    | Note
-------+----------+-------------------------------------------
     0 | D:1      | Jardren the Spriggan Enchanter began the quest for the Orb.
     0 | D:1      | Reached XP level 1. HP: 9/9 MP: 5/5
    75 | D:2      | You fall into a shaft and drop 2 floors!
   195 | D:5      | Entered Level 5 of the Dungeon
   430 | D:5      | Noticed an iguana
   538 | D:5      | Noticed a phantom
   546 | D:5      | Found a staircase to the Ecumenical Temple.
   555 | Temple   | Entered the Ecumenical Temple
   803 | D:5      | Noticed a hound
   840 | D:5      | Noticed a jelly
   840 | D:5      | a hound changed into a jelly
   917 | D:4      | Reached skill level 4 in Hexes
   964 | D:4      | Reached XP level 2. HP: 4/13 MP: 7/7
   967 | D:4      | Learned a level 2 spell: Ensorcelled Hibernation
  1848 | D:2      | Reached XP level 3. HP: 16/16 MP: 9/9
  1852 | D:2      | Learned a level 3 spell: Tukima's Dance
  1856 | D:2      | Learned a level 3 spell: Confusing Touch
  1935 | D:2      | Found a shimmering altar of Xom.
  2072 | D:2      | Noticed Jessica
  2085 | D:2      | Killed Jessica
  2189 | D:2      | Reached XP level 4. HP: 21/21 MP: 11/11
  2552 | D:1      | Reached skill level 5 in Hexes
  4079 | D:3      | Found a stormy altar of Qazlal.
  4336 | D:4      | Reached skill level 5 in Spellcasting
  4336 | D:4      | Reached XP level 5. HP: 23/24 MP: 9/13
  4515 | D:4      | Reached skill level 6 in Hexes
  4522 | D:4      | Killed from afar by a white imp

Illustrated notes

Levels and vault maps discovered:
D:1:      ebering_trefoil_3fold, layout_basic, hex_medium, minmay_misc_feat_rows
D:2:      layout_rooms, basic_altar, uniq_jessica
D:3:      layout_basic, lemuel_round_altar, minivault_23,
          kennysheep_decorative_pillar
D:4:      layout_gridville, bloody_trog, serial_demonic, serial_demonic_b,
          serial_demonic_b, serial_demonic_g, serial_demonic_d,
          serial_demonic_f, serial_demonic_d, serial_demonic_f
D:5:      layout_loops_corners, minmay_temple_entry_statues_fountains,
          serial_shops, shop, uniq_blork_the_orc
Temple:   nicolae_temple_figure_eight

Skill      XL: |  1  2  3  4  5 |
---------------+----------------+-----
Spellcasting   | 3 4 5 |  5.5
Hexes          | 4 5 6 |  6.1
Short Blades   | |  1.1
Dodging        | |  2.6
Stealth        | |  4.4

Action                   |  1- 3 |  4- 6 || total
-------------------------+-------+-------++-------
Melee: Dagger            |   101 |   135 ||   236
       Punch             |     1 |     2 ||     3
 Cast: Ensorcelled Hiber |     3 |     3 ||     6
       Tukima's Dance    |     1 |     7 ||     8
       Confusing Touch   |     1 |     5 ||     6
Evoke: Wand              |     1 |       ||     1
  Use: Potion            |     4 |       ||     4
       Scroll            |     5 |     5 ||    10
 Stab: Invisible         |     1 |       ||     1
       Sleeping          |     5 |    12 ||    17
       Distracted        |       |     1 ||     1
       Confused          |       |     1 ||     1
Armor: Robe              |    10 |    30 ||    40
Dodge: Dodged            |    85 |   132 ||   217

Table legend: (Time is in decaauts)
 A = Elapsed time spent in this place.
 B = Non-inter-level travel time spent in this place.
 C = Inter-level travel time spent in this place.
 D = Time resting spent in this place.
 E = Time spent auto-exploring this place.
 F = Levels seen in this place.
 G = Mean time per level.
                   A        B        C        D        E       F      G
               +--------+--------+--------+--------+--------+-----+--------+
         Total |   3460 |   3419 |     41 |    665 |   1862 |   6 |  576.7 |
       Dungeon |   3321 |   3288 |     33 |    665 |   1734 |   5 |  664.2 |
        Temple |    138 |    131 |      7 |      0 |    128 |   1 |  138.0 |
               +--------+--------+--------+--------+--------+-----+--------+

Top non-repeatable levels by time:
     D:3: 820 daAuts
     D:4: 801 daAuts
     D:1: 766 daAuts
     D:2: 583 daAuts
     D:5: 349 daAuts
  Temple: 138 daAuts
